 Dungeon Crawl Stone Soup version 0.22.0-18-ge075c0d (webtiles) character file.

61 dysrexia the Skirmisher (level 4, -4/41 HPs)
             Began as a Gnoll Abyssal Knight on Aug 18, 2018.
             Was a Believer of Lugonu.
             Killed by divine providence
             ... invoked by an orc priest
              (10 damage)
             ... on level 2 of the Dungeon.
             The game lasted 00:03:30 (1052 turns).

dysrexia the Skirmisher (Gnoll Abyssal Knight)      Turns: 1052, Time: 00:03:31

Health: -4/41      AC:  3    Str: 14    XL:     4   Next: 7%
Magic:  7/7        EV: 13    Int: 14    God:    Lugonu [**....]
Gold:   36         SH:  0    Dex: 16    Spells: 5/5 levels left

rFire    . . .     SeeInvis .   a - +1 mace
rCold    . . .     Gourm    .   (no shield)
rNeg     . . .     Faith    .   b - +0 leather armour
rPois    .         Spirit   .   (no helmet)
rElec    .         Reflect  .   (no cloak)
rCorr    .         Harm     .   (no gloves)
MR       .....                  (no boots)
Stlth    ++........             (no amulet)
HPRegen  0.13/turn              (no ring)
MPRegen  0.10/turn              (no ring)

@: no status effects
A: distributed training, fangs 1, strong nose
a: Depart the Abyss, Bend Space, Renounce Religion


You were on level 2 of the Dungeon.
You worshipped Lugonu.
Lugonu was pleased with you.
You were hungry.

You visited 1 branch of the dungeon, and saw 2 of its levels.
You visited the Abyss 1 time.

You collected 36 gold pieces.

Inventory:

Hand Weapons
 a - a +1 mace (weapon)
Missiles
 d - 10 poisoned needles
Armour
 b - a +0 leather armour (worn)
Scrolls
 h - 3 scrolls of remove curse {unknown}
Potions
 e - a potion of agility {unknown}
 g - a potion of magic {unknown}
Comestibles
 c - 3 rations


   Skills:
 + Level 6.5 Fighting
 + Level 1.0 Short Blades
 + Level 1.0 Long Blades
 + Level 1.0 Axes
 + Level 4.6 Maces & Flails
 + Level 1.0 Polearms
 + Level 1.0 Staves
 + Level 1.0 Slings
 + Level 1.0 Bows
 + Level 1.0 Crossbows
 + Level 1.0 Throwing
 + Level 4.6 Armour
 + Level 2.7 Dodging
 + Level 1.0 Stealth
 + Level 1.0 Shields
 + Level 1.0 Unarmed Combat
 + Level 1.0 Spellcasting
 + Level 0.7 Conjurations
 + Level 0.7 Hexes
 + Level 0.7 Charms
 + Level 0.7 Summonings
 + Level 0.7 Necromancy
 + Level 0.7 Translocations
 + Level 0.7 Transmutations
 + Level 0.7 Fire Magic
 + Level 0.7 Ice Magic
 + Level 0.7 Air Magic
 + Level 0.7 Earth Magic
 + Level 0.7 Poison Magic
 + Level 4.6 Invocations
 + Level 1.0 Evocations


You had 5 spell levels left.
You didn't know any spells.
Your spell library was empty.

Dungeon Overview and Level Annotations

Branches:
Dungeon (2/15)

Altars:

Annotations:
D:2 Sigmund


Innate Abilities, Weirdness & Mutations

Your experience applies equally to all skills.
You have very sharp teeth.
Your uncanny sense of smell can sniff out nearby items.


Message History

An orc comes into view. It is wielding a dagger.
The orc closely misses you.
The orc shouts!
You barely miss the orc. The orc misses you.
An adder comes into view.
You closely miss the orc. The orc closely misses you.
All of the chunks of flesh in your inventory have rotted away.
You are feeling hungry.
The orc priest mumbles some strange prayers to Beogh against you.
Beogh smites you!
The orc priest mumbles some strange prayers to Beogh against you.
Beogh smites you!
The orc priest looks braver for a moment.
The orc priest calls down the wrath of Beogh upon you.
Beogh smites you!
* * * LOW HITPOINT WARNING * * *
There is a stone staircase leading up here.
The orc priest mumbles some strange prayers to Beogh against you.
Beogh smites you!
You die...

#.#
###.#####.##
#o#
#.....oo..#
#o#
#.#.#######
#.#
#.#.#...#
#.#
#.#.#.#.#
#.#
#.#..@#.#
#.#
#.#####.#
#o#
#.......#
#@#
#########
###


You could see an orc priest and 2 orcs.

Vanquished Creatures
  Natasha (D:2)
  A dart slug (D:1)
  A leopard gecko (D:1)
  5 bats (D:1)
  A giant cockroach (D:1)
  5 goblins (D:1)
  6 hobgoblins (D:1)
  4 frilled lizards (D:1)
  5 kobolds (D:1)
  4 rats (D:1)
33 creatures vanquished.

Notes
Turn   | Place    | Note
-------+----------+-------------------------------------------
     0 | Abyss:1  | dysrexia the Gnoll Abyssal Knight began the quest for the Orb.
     0 | Abyss:1  | Reached XP level 1. HP: 23/23 MP: 3/3
    11 | D:1      | Escaped the Abyss
    60 | D:1      | Reached XP level 2. HP: 21/29 MP: 5/5
   503 | D:1      | Reached XP level 3. HP: 31/35 MP: 6/6
   539 | D:1      | Reached ** piety under Lugonu
   779 | D:2      | Noticed Natasha
   788 | D:2      | Killed Natasha
   788 | D:2      | Reached skill level 1 in Short Blades
   788 | D:2      | Reached skill level 1 in Long Blades
   788 | D:2      | Reached skill level 1 in Axes
   788 | D:2      | Reached skill level 1 in Polearms
   788 | D:2      | Reached skill level 1 in Staves
   788 | D:2      | Reached skill level 1 in Slings
   788 | D:2      | Reached skill level 1 in Bows
   788 | D:2      | Reached skill level 1 in Crossbows
   788 | D:2      | Reached skill level 1 in Throwing
   788 | D:2      | Reached skill level 1 in Stealth
   788 | D:2      | Reached skill level 1 in Shields
   788 | D:2      | Reached skill level 1 in Unarmed Combat
   788 | D:2      | Reached skill level 1 in Spellcasting
   788 | D:2      | Reached skill level 1 in Evocations
   788 | D:2      | Reached XP level 4. HP: 19/41 MP: 7/7
   991 | D:2      | Noticed Sigmund
  1052 | D:2      | Killed from afar by an orc priest

Skill      XL: |  1  2  3 |
---------------+----------+-----
Short Blades   | 1 |  1.0
Long Blades    | 1 |  1.0
Axes           | 1 |  1.0
Polearms       | 1 |  1.0
Staves         | 1 |  1.0
Slings         | 1 |  1.0
Bows           | 1 |  1.0
Crossbows      | 1 |  1.0
Throwing       | 1 |  1.0
Stealth        | 1 |  1.0
Shields        | 1 |  1.0
Unarmed Combat | 1 |  1.0
Spellcasting   | 1 |  1.0
Evocations     | 1 |  1.0
Fighting       | |  6.5
Maces & Flails | |  4.6
Armour         | |  4.6
Dodging        | |  2.7
Conjurations   | |  0.7
Hexes          | |  0.7
Charms         | |  0.7
Summonings     | |  0.7
Necromancy     | |  0.7
Translocations | |  0.7
Transmutations | |  0.7
Fire Magic     | |  0.7
Ice Magic      | |  0.7
Air Magic      | |  0.7
Earth Magic    | |  0.7
Poison Magic   | |  0.7
Invocations    | |  4.6

Action                   |  1- 3 |  4- 6 || total
-------------------------+-------+-------++-------
Melee: Mace              |    77 |     3 ||    80
       Bite              |     4 |       ||     4
       Punch             |     1 |       ||     1
 Stab: Sleeping          |     2 |       ||     2
Armor: Leather armour    |    19 |       ||    19
Dodge: Dodged            |    60 |     3 ||    63
